 Dungeon Crawl Stone Soup version 0.26.1-11-gd32895ea62 (webtiles) character file.

Game seed: 10290281695630185513

3458 pokeman the Thaumaturge (level 9, 0/51 HPs)
             Began as a Deep Elf Hedge Wizard on May 11, 2021.
             Was a Believer of Vehumet.
             Slain by a red ugly thing (12 damage)
             ... on level 8 of the Dungeon.
             The game lasted 00:25:23 (12125 turns).

pokeman the Thaumaturge (Deep Elf Hedge Wizard)    Turns: 12125, Time: 00:25:23

Health: 0/51       AC:  4    Str:  7    XL:     9   Next: 78%
Magic:  19/27      EV: 12    Int: 23    God:    Vehumet [**....]
Gold:   438        SH:  5    Dex: 14    Spells: 20/32 levels left

rFire    . . .     SeeInvis .   u - +1 whip (elec)
rCold    . . .     Faith    .   (no shield)
rNeg     . . .     Spirit   .   f - +0 leather armour
rPois    +         Reflect  +   c - +0 hat
rElec    .         Harm     .   (no cloak)
rCorr    .         Rampage  .   (no gloves)
Will     .....                  x - +0 pair of boots
Stlth    ++........             r - amulet of reflection
HPRegen  0.17/turn              j - ring of poison resistance
MPRegen  0.20/turn              M - ring of wizardry

@: no status effects
A: no striking features
a: Renounce Religion


You were on level 8 of the Dungeon.
You worshipped Vehumet.
Vehumet was pleased with you.
You visited 2 branches of the dungeon, and saw 9 of its levels.
You also visited: Sewer.

You collected 438 gold pieces.

Inventory:

Hand Weapons
 u - a +1 whip of electrocution (weapon)
 D - a +0 hand axe of venom
 F - a +2 shortbow of flaming
Missiles
 e - 93 bolts
 B - 153 arrows
Armour
 c - a +0 hat (worn)
 f - a +0 leather armour (worn)
 x - a +0 pair of boots (worn)
Magical Staves
 H - an uncursed staff of cold
Jewellery
 j - a ring of poison resistance (left hand)
 k - an uncursed ring of willpower
 r - an amulet of reflection (around neck)
 J - an uncursed ring of magical power
 L - the ring "Jaemuidi" {+Blink AC+4 Str+3 Int-3}
   (You found it on level 8 of the Dungeon)

   [ring of protection]

   It affects your AC (+4).
   It affects your strength (+3).
   It affects your intelligence (-3).
   It lets you blink.
 M - a ring of wizardry (right hand)
Wands
 l - a wand of acid (5)
 K - a wand of digging (7)
Scrolls
 a - a scroll of enchant weapon {unknown}
 b - 6 scrolls of identify {unknown}
 d - 6 scrolls of teleportation {unknown}
 m - a scroll of immolation {unknown}
 p - a scroll of amnesia {unknown}
 t - a scroll of blinking {unknown}
 w - a scroll of enchant armour {unknown}
 y - 3 scrolls of remove curse {unknown}
 C - 3 scrolls of magic mapping {unknown}
 E - a scroll of noise {unknown}
Potions
 g - a potion of cancellation {unknown}
 h - 8 potions of curing {unknown}
 i - 4 potions of brilliance {unknown}
 n - 2 potions of magic {unknown}
 o - 2 potions of degeneration {unknown}
 q - 2 potions of attraction {unknown}
 s - 3 potions of heal wounds {unknown}
 v - a potion of berserk rage {unknown}
 z - 2 potions of resistance {unknown}
 A - a potion of lignification {unknown}
 G - 2 potions of mutation {unknown}
 I - a potion of flight {unknown}


   Skills:
 + Level 3.5 Fighting
 - Level 3.0 Armour
 - Level 3.0 Dodging
 - Level 3.0 Stealth
 * Level 12.0 Spellcasting
 + Level 6.9 Conjurations
 - Level 1.1 Summonings
 - Level 1.1 Translocations
 + Level 6.0 Fire Magic
 - Level 1.0 Air Magic
 - Level 1.2 Poison Magic
 - Level 1.0 Evocations


You had 20 spell levels left.
You knew the following spells:

 Your Spells              Type           Power        Failure   Level
a - Magic Dart            Conj           100%         1%          1
b - Mephitic Cloud        Conj/Pois/Air  27%          2%          3
c - Call Imp              Summ           18%          2%          2
d - Blink                 Tloc           N/A          2%          2
e - Conjure Flame         Conj/Fire      43%          1%          3
f - Foxfire               Conj/Fire      100%         1%          1

Your spell library contained the following spells:

 Spells                   Type           Power        Failure   Level
 Animate Skeleton         Necr           26%          2%          1
 Pain                     Necr           52%          2%          1
 Sting                    Tmut/Pois      64%          2%          1
 Poisonous Vapours        Pois/Air       38%          2%          2
 Ignite Poison            Fire/Tmut/Pois 25%          3%          3
 Slow                     Hex            13%          4%          2
 Gell's Gravitas          Tloc           9%           5%          3
 Confusing Touch          Hex            13%          9%          3
 Vampiric Draining        Necr           6%           9%          3
 Olgreb's Toxic Radiance  Pois           19%          16%         4
 Animate Dead             Necr           6%           26%         4
 Petrify                  Tmut/Erth      13%          26%         4
 Agony                    Necr           13%          56%         5
 Metabolic Englaciation   Hex/Ice        6%           56%         5
 Yara's Violent Unravell  Hex/Tmut       6%           56%         5


Dungeon Overview and Level Annotations

Branches:
Dungeon (8/15)             Temple (1/1) D:5           Sewer (visited)
   Lair: D:8-11

Altars:
Cheibriados
Dithmenos
Fedhas
Kikubaaqudgha
Sif Muna
Uskayaw
Vehumet
Xom
Yredelemnul
The Shining One

Shops:
D:8 (


Message History

Your crimson imp hits the red ugly thing.
You swap places.
The red ugly thing is engulfed in blazing flames.
The red ugly thing trunk-slaps you but does no damage.
You barely miss the red ugly thing.
The red ugly thing is severely wounded.
The red ugly thing is engulfed in blazing flames.
The red ugly thing trunk-slaps you!
You are engulfed in flames!!
Your crimson imp blinks!
Unknown command.
You swap places.
The red ugly thing is engulfed in blazing flames.
The red ugly thing trunk-slaps your white imp!
Your white imp dies!
Unknown command.
The red ugly thing is engulfed in blazing flames.
The red ugly thing trunk-slaps you.
* * * LOW HITPOINT WARNING * * *
You are engulfed in flames!
You die...

### ### #..##..# .......## ....
........## ...# #..##....#
#...##..##.5..# #....#..#..#@##
## . #..#...##.##u# ### ##.## .
#.).#..#..#§####.## ....#
.#####.......(#....##..### ....#
..#......................###...#
.....>#.#.................#...###
................................#
.......##......................##
..................∩........##....


You could see a red ugly thing and a friendly crimson imp (summoned).

Vanquished Creatures
  A wyvern (D:8)
  Menkaure (D:7)
  An ice beast (D:5)
  3 orc warriors
  A necrophage (D:7)
  6 centaurs
  4 ogres
  5 bullfrogs
  A big kobold (D:8)
  A scorpion (D:5)
  6 killer bees (D:8)
  2 howler monkeys
  3 jellies
  7 hounds
  An orc priest (D:7)
  7 orc wizards
  2 bullfrog skeletons
  Jessica (D:2)
  3 iguanas
  3 worker ants
  A hound skeleton (D:8)
  A worker ant zombie (D:6)
  10 adders
  3 shadow imps
  2 white imps
  An ufetubus (D:5)
  12 oozes (Sewer)
  2 adder skeletons
  An adder zombie (D:5)
  7 worms
  2 dart slugs (D:1)
  23 leopard geckos
  35 orcs
  13 ball pythons
  10 giant cockroaches
  8 goblins
  10 hobgoblins
  6 jackals (D:8)
  6 quokkas
  3 bats
  11 frilled lizards
  12 kobolds
  A leopard gecko zombie (D:7)
  A quokka skeleton (D:7)
  12 rats
252 creatures vanquished.

Vanquished Creatures (collateral kills)
  A water moccasin (D:7)
  An adder (D:3)
  2 river rats (D:3)
  A rat (D:3)
5 creatures vanquished.

Vanquished Creatures (others)
  111 foxfires (D:8)
111 creatures vanquished.

Grand Total: 368 creatures vanquished

Notes
Turn   | Place    | Note
-------+----------+-------------------------------------------
     0 | D:1      | pokeman the Deep Elf Hedge Wizard began the quest for the
                  | Orb.
     0 | D:1      | Reached XP level 1. HP: 10/10 MP: 7/7
   233 | D:1      | Reached XP level 2. HP: 16/16 MP: 3/9
   748 | D:1      | Reached skill level 5 in Spellcasting
   813 | D:1      | Reached XP level 3. HP: 20/20 MP: 3/11
   817 | D:1      | Learned a level 3 spell: Mephitic Cloud
   820 | D:1      | Learned a level 2 spell: Call Imp
   823 | D:1      | Learned a level 2 spell: Blink
   827 | D:1      | Learned a level 3 spell: Conjure Flame
  1457 | D:2      | Reached skill level 1 in Armour
  1643 | D:2      | Found a snail-covered altar of Cheibriados.
  1736 | D:2      | Reached skill level 1 in Fighting
  1818 | D:2      | Noticed Jessica
  1828 | D:2      | Killed Jessica
  1829 | D:2      | Reached XP level 4. HP: 25/25 MP: 4/13
  2731 | D:3      | Reached skill level 1 in Evocations
  2786 | D:3      | Found a glowing drain.
  2808 | Sewer    | Entered a sewer
  3210 | Sewer    | Reached XP level 5. HP: 29/29 MP: 9/15
  3263 | Sewer    | Reached skill level 6 in Spellcasting
  3646 | Sewer    | Reached skill level 1 in Fire Magic
  4170 | Sewer    | Reached skill level 1 in Air Magic
  4170 | Sewer    | Reached XP level 6. HP: 28/34 MP: 10/17
  4228 | Sewer    | Reached skill level 7 in Spellcasting
  4228 | Sewer    | Reached skill level 1 in Poison Magic
  5888 | D:4      | Reached XP level 7. HP: 36/38 MP: 12/19
  6431 | D:5      | Entered Level 5 of the Dungeon
  6500 | D:5      | Reached skill level 8 in Spellcasting
  7274 | D:5      | Found a staircase to the Ecumenical Temple.
  7282 | Temple   | Entered the Ecumenical Temple
  7309 | Temple   | Became a worshipper of Vehumet
  7344 | D:5      | Reached XP level 8. HP: 36/44 MP: 14/22
  7700 | D:6      | Reached skill level 9 in Spellcasting
  8071 | D:6      | Reached skill level 5 in Conjurations
  8394 | D:6      | Reached * piety under Vehumet
  8394 | D:6      | Offered knowledge of Freeze by Vehumet.
  8514 | D:6      | Reached skill level 10 in Spellcasting
  8640 | D:6      | Found a shimmering blue altar of Sif Muna.
  9412 | D:7      | Noticed Menkaure
  9439 | D:7      | Killed Menkaure
  9440 | D:7      | Reached XP level 9. HP: 15/49 MP: 8/25
  9874 | D:7      | Reached skill level 5 in Fire Magic
 10095 | D:7      | Found a glowing golden altar of the Shining One.
 10356 | D:7      | Reached skill level 11 in Spellcasting
 10666 | D:7      | HP: 2/49 [poisoned by a kobold]
 10999 | D:8      | Offered knowledge of Foxfire by Vehumet.
 11002 | D:8      | Learned a level 1 spell: Foxfire
 11008 | D:8      | Reached ** piety under Vehumet
 11206 | D:8      | Found Juniedu's Weapon Shop.
 11257 | D:8      | Got a pitted platinum ring
 11259 | D:8      | Identified the ring "Jaemuidi" {+Blink AC+4 Str+3 Int-3}
                  | (You found it on level 8 of the Dungeon)
 11828 | D:8      | Noticed a red ugly thing
 11839 | D:8      | Reached skill level 12 in Spellcasting
 12125 | D:8      | Slain by a red ugly thing

Illustrated notes

Levels and vault maps discovered:
D:1:      dpeg_arrival_arbitrary_b, layout_basic
D:2:      layout_basic, hangedman_feature_mirror, roderic_lattice_a,
          nrook_campfire, cheibriados_altar_1, uniq_jessica
D:3:      layout_loops_ring, portal_sewer_entry_b
D:4:      layout_layer_cave, minmay_misc_feat_five
D:5:      layout_gridville, minmay_temple_entry_butterflies, chequers_jeans
D:6:      layout_rooms, grunt_decor_mini_mirrors, tgw_sif
D:7:      layout_basic, chequers_serial_rivers_room_b, tso_metal_star,
          uniq_menkaure
D:8:      minmay_slanted_spiral_squares, layout_cave_pools, serial_shops, shop
Temple:   regret_index_temple_mists

Skill      XL: |  1  2  3  4  5  6  7  8  9 |
---------------+----------------------------+-----
Spellcasting   | 5 6 7 8 10 12 | 12.0
Armour         | 1 3 |  3.0
Conjurations   | 2 3 4 5 6 |  6.9
Fighting       | 1 2 3 |  3.5
Evocations     | 1 |  1.0
Dodging        | 3 |  3.0
Fire Magic     | 1 3 4 6 |  6.0
Stealth        | 3 |  3.0
Air Magic      | 1 |  1.0
Poison Magic   | 1 |  1.2
Summonings     | |  1.1
Translocations | |  1.1

Action                   |  1- 3 |  4- 6 |  7- 9 || total
-------------------------+-------+-------+-------++-------
Melee: Dagger            |     6 |    40 |       ||    46
       Whip              |       |     2 |    81 ||    83
 Fire: Shortbow          |       |       |    19 ||    19
 Cast: Magic Dart        |    95 |   260 |   249 ||   604
       Mephitic Cloud    |     1 |     7 |    29 ||    37
       Blink             |     1 |     2 |     6 ||     9
       Conjure Flame     |       |     3 |    19 ||    22
       Call Imp          |       |     4 |     8 ||    12
       Foxfire           |       |       |    63 ||    63
 Stab: Confused          |     1 |     5 |    12 ||    18
       Sleeping          |     1 |     1 |       ||     2
Armor: Robe              |     2 |       |       ||     2
       Leather armour    |     2 |    16 |    23 ||    41
Dodge: Dodged            |     7 |    40 |    96 ||   143
Block: Other             |       |    23 |    38 ||    61
       Reflection        |       |       |     2 ||     2
